 Dungeon Crawl Stone Soup version 0.21-a0-625-g1119ec1 (webtiles) character file.

14 tidbits the Covered (level 2, 14/26 HPs)
             Began as a Gnoll Wanderer on Dec 24, 2017.
             Quit the game on level 3 of the Dungeon.
             The game lasted 00:02:24 (328 turns).

tidbits the Covered (Gnoll Wanderer)                 Turns: 328, Time: 00:02:25

Health: 14/26      AC: 12    Str: 16    XL:     2   Next: 45%
Magic:  3/5        EV:  9    Int: 18    God:
Gold:   12         SH:  0    Dex: 10    Spells: 5/6 levels left

rFire    . . .     SeeInvis .   b - +0 mace
rCold    . . .     Gourm    .   (no shield)
rNeg     . . .     Faith    .   a - +2 scale mail
rPois    .         Spirit   .   (no helmet)
rElec    .         Reflect  .   C - +2 cloak
rCorr    .         Harm     .   (no gloves)
MR       .....                  (no boots)
Stlth    ..........             (no amulet)
HPRegen  0.08/turn              m - +2 ring of intelligence
MPRegen  0.09/turn              (no ring)

@: quite poisoned (14 -> 6), infused (expiring)
A: distributed training, fangs 1, strong nose
a: no special abilities


You were on level 3 of the Dungeon.
You were not hungry.

You visited 1 branch of the dungeon, and saw 3 of its levels.

You collected 12 gold pieces.

Inventory:

Hand Weapons
 b - a +0 mace (weapon)
 i - a +0 dagger
Missiles
 h - 19 stones (quivered)
Armour
 a - a +2 scale mail (worn)
 j - a +0 ring mail
 C - a +2 cloak (worn)
Jewellery
 m - a +2 ring of intelligence (left hand)
   (You found it on level 2 of the Dungeon)
Scrolls
 f - a scroll of immolation {unknown}
 g - 2 scrolls of teleportation {unknown}
 k - 2 scrolls of remove curse {unknown}
Potions
 e - a potion of brilliance {unknown}
 l - a potion of curing {unknown}
Books
 c - Umagobag's Collected Works on Boosts

   Spells                             Type                      Level
   a - Infusion                       Charms                       1
   b - Regeneration                   Charms/Necromancy            3
Comestibles
 d - a ration


   Skills:
 + Level 4.5 Fighting
 + Level 0.4 Short Blades
 + Level 0.4 Long Blades
 + Level 0.4 Axes
 + Level 2.5 Maces & Flails
 + Level 0.4 Polearms
 + Level 0.4 Staves
 + Level 0.4 Slings
 + Level 0.4 Bows
 + Level 0.4 Crossbows
 + Level 0.4 Throwing
 + Level 4.5 Armour
 + Level 0.4 Dodging
 + Level 0.4 Stealth
 + Level 2.5 Shields
 + Level 0.4 Unarmed Combat
 + Level 2.7 Spellcasting
 + Level 2.0 Conjurations
 + Level 0.2 Hexes
 + Level 0.2 Charms
 + Level 0.2 Summonings
 + Level 0.2 Necromancy
 + Level 0.2 Translocations
 + Level 0.2 Transmutations
 + Level 0.2 Fire Magic
 + Level 0.2 Ice Magic
 + Level 0.2 Air Magic
 + Level 2.0 Earth Magic
 + Level 0.2 Poison Magic
 + Level 0.5 Invocations
 + Level 2.5 Evocations


You had 5 spell levels left.
You knew the following spells:

 Your Spells              Type           Power        Failure   Level  Hunger
a - Infusion              Chrm           #...         45%         1    #......


Dungeon Overview and Level Annotations

Branches:
Dungeon (3/15)

Altars:


Innate Abilities, Weirdness & Mutations

Your experience applies equally to all skills.
You have very sharp teeth.
Your uncanny sense of smell can sniff out nearby items.


Message History

Found three items.
Found two stone staircases leading up.
There is a stone staircase leading up here.
Casting: Infusion
Confirm with . or Enter, or press ? or * to list all spells.
You begin infusing your attacks with magical energy.
The leopard gecko hisses menacingly.
The goblin hits you but does no damage.
You climb upwards.
Your magical infusion is running out.
There is a stone staircase leading down here.
You hit the goblin but do no damage. Your bite misses the goblin.
The goblin barely misses you. The goblin closely misses you.
The goblin hits you but does no damage.
You sock the goblin!
You kill the goblin!
The goblin barely misses you.
You sock the goblin!
You kill the goblin!
Your magical contamination has completely faded away.
You see here a dagger.
You are no longer magically infusing your attacks.
Things that are here:
a jackal corpse x2
Found an emerald potion.
A rat comes into view.
l - an emerald potion The rat barely misses you.
Found an escape hatch in the floor.
Found a whip.
A ball python comes into view.
The ball python hisses angrily.
Found a scroll labeled ZOR JYISESORR.
Casting: Infusion
Confirm with . or Enter, or press ? or * to list all spells.
You miscast Infusion.
You are very lightly contaminated with residual magic.
The rat bites you but does no damage.
Casting: Infusion
Confirm with . or Enter, or press ? or * to list all spells.
You miscast Infusion.
Nothing appears to happen.
The rat bites you but does no damage.
You completely miss the rat. The ball python barely misses you.
The ball python grabs you. The ball python constricts you.
The rat bites you but does no damage.
You sock the rat!
You kill the rat!
The ball python bites you but does no damage.
The ball python constricts you.
The ball python bites you but does no damage.
The ball python constricts you.
You hit the ball python but do no damage.
The ball python bites you but does no damage.
The ball python constricts you.
You hit the ball python.
You kill the ball python!
You see here a whip.
k - 2 scrolls labeled ZOR JYISESORR (gained 1) Autopickup is now off.
Found a large ruby ring.
You see here a large ruby ring.
You aren't carrying any pieces of jewellery.
Unknown command.
m - a large ruby ring Put on which piece of jewellery? (? for menu, Esc to quit)
You feel clever.
m - a +2 ring of intelligence (left hand) Adjust (i)tems, (s)pells, or (a)bilities?
Adjust which item? (? for menu, Esc to quit)
m - a +2 ring of intelligence (left hand) Adjust to which letter? (? for menu, Esc to quit)
Okay, then.
Your magical contamination has completely faded away.
There is an escape hatch in the floor here.
You slide downwards.
The hatch slams shut behind you.
The adder hisses angrily.
Casting: Infusion
Confirm with . or Enter, or press ? or * to list all spells.
You begin infusing your attacks with magical energy.
You hit the adder. Your bite misses the adder.
The adder is lightly wounded.
The adder bites you but does no damage. The adder bites you.
You are poisoned.
The adder poisons you!
You closely miss the adder.
The adder is lightly wounded.
You feel sick. The adder closely misses you.
The adder bites you but does no damage.
You miss the adder.
The adder is lightly wounded.
You feel sick. The adder bites you but does no damage. The adder bites you.
You closely miss the adder.
The adder is lightly wounded.
The adder bites you.
You are more poisoned.
The adder poisons you!
You miss the adder.
The adder is lightly wounded.
Your magical infusion is running out.
You feel sick. The adder bites you. The adder completely misses you.
Are you sure you want to abandon this character and quit the game? (Confirm with "yes".)

##############
###########.............
.........##.############
.......S@................
.<......#.####.###.....##
.......w#.# #.###.....##
.....s....# #.........##
...?<...### #####.....##
........# #.....##
........# ####.##
.......<# #.# ?...#.....#
#.#


You could see a worm, a scorpion and an adder.

Vanquished Creatures
  A bat (D:1)
  A giant cockroach (D:1)
  3 goblins
  A hobgoblin (D:1)
  3 jackals (D:2)
  A kobold (D:1)
  A ball python (D:2)
  A rat (D:2)
12 creatures vanquished.

Notes
Turn   | Place    | Note
-------+----------+-------------------------------------------
     0 | D:1      | tidbits the Gnoll Wanderer began the quest for the Orb.
     0 | D:1      | tidbits set off with: a +2 scale mail, a +0 mace, Umagobag's Collected Works on Boosts, a ration
     0 | D:1      | Reached XP level 1. HP: 20/20 MP: 4/4
     0 | D:1      | Identified Umagobag's Collected Works on Boosts
     2 | D:1      | Learned a level 1 spell: Infusion
    72 | D:1      | Reached skill level 2 in Conjurations
    72 | D:1      | Reached skill level 2 in Earth Magic
    78 | D:1      | Reached XP level 2. HP: 26/26 MP: 0/5
   202 | D:3      | Noticed a scorpion
   328 | D:3      | Quit the game

Vault maps used:
D:1:      nicolae_arrival_washed_ashore

Skill      XL: |  1 |
---------------+----+-----
Conjurations   | 2 |  2.0
Earth Magic    | 2 |  2.0
Fighting       | |  4.5
Short Blades   | |  0.4
Long Blades    | |  0.4
Axes           | |  0.4
Maces & Flails | |  2.5
Polearms       | |  0.4
Staves         | |  0.4
Slings         | |  0.4
Bows           | |  0.4
Crossbows      | |  0.4
Throwing       | |  0.4
Armour         | |  4.5
Dodging        | |  0.4
Stealth        | |  0.4
Shields        | |  2.5
Unarmed Combat | |  0.4
Spellcasting   | |  2.7
Hexes          | |  0.2
Charms         | |  0.2
Summonings     | |  0.2
Necromancy     | |  0.2
Translocations | |  0.2
Transmutations | |  0.2
Fire Magic     | |  0.2
Ice Magic      | |  0.2
Air Magic      | |  0.2
Poison Magic   | |  0.2
Invocations    | |  0.5
Evocations     | |  2.5

Action                   || total
-------------------------++-------
Melee: Mace              ||    28
 Cast: Infusion          ||     7
Armor: Scale mail        ||    25
Dodge: Dodged            ||    19

Table legend:
 A = Spawn XP
 B = Non-spawn XP
 C = Spawn XP percentage of total XP
 D = Spawn monster count
 E = Non-spawn monster count
 F = Spawn count percentage of total count
 G = Total turns spent on level
                    A         B        C        D         E        F      G
               +---------+---------+-------+---------+---------+-------+---------
         Total |       0 |      21 |   0.0 |       0 |      12 |   0.0 |   328
               +---------+---------+-------+---------+---------+-------+---------
           D:1 |       0 |      10 |   0.0 |       0 |       5 |   0.0 |    90
           D:2 |       0 |      11 |   0.0 |       0 |       7 |   0.0 |   203
               +---------+---------+-------+---------+---------+-------+---------

Table legend:
 A = Turns spent in this place as a percentage of turns spent in the entire game.
 B = Non-inter-level travel turns spent in this place as a percentage of non-inter-level travel turns spent in the entire game.
 C = Inter-level travel turns spent in this place as a percentage of turns spent in this place.
 D = Turns resting spent in this place as a percentage of non-inter-level travel turns spent in this place.
 E = Turns spent auto-exploring this place as a percentage of non-inter-level travel turns spent in this place.
 F = Non-inter-level travel turns spent in this place divided by the number of levels of this place that you've seen.
                   A       B       C       D       E      F
               +-------+-------+-------+-------+-------+----------------------
         Total | 100.0 | 100.0 |   0.0 |   0.0 |   0.0 | 109.3
       Dungeon | 100.0 | 100.0 |   0.0 |   0.0 |   0.0 | 109.3
               +-------+-------+-------+-------+-------+----------------------

Table legend:
 A = Kills in this place as a percentage of kills in entire the game.
 B = Kills by you in this place as a percentage of kills by you in the entire game.
 C = Kills by friends in this place as a percentage of kills by friends in the entire game.
 D = Other kills in this place as a percentage of other kills in the entire game.
 E = Experience gained in this place as a percentage of experience gained in the entire game.
 F = Experience gained in this place divided by the number of levels of this place that you have seen.
                   A       B       C       D       E      F
               +-------+-------+-------+-------+-------+----------------------
         Total | 100.0 | 100.0 |   N/A |   N/A | 100.0 |   7.0
       Dungeon | 100.0 | 100.0 |   N/A |   N/A | 100.0 |   7.0
               +-------+-------+-------+-------+-------+----------------------

Vault maps used:
D:1:      nicolae_arrival_washed_ashore
